 Dungeon Crawl Stone Soup version 0.30-a0-4-ga7cffc901d (webtiles) character file.

Game seed: 6052990831791120515

65 drpainis the Sneak (level 3, -1/17 HPs)
             Began as a Spriggan Enchanter on Aug 15, 2022.
             Slain by Natasha (9 damage)
             ... on level 3 of the Dungeon on Aug 20, 2022.
             The game lasted 00:04:59 (2472 turns).

drpainis the Sneak (Spriggan Enchanter)             Turns: 2472, Time: 00:04:59

Health: -1/17      AC:  2    Str: 10    XL:     3   Next: 92%
Magic:  5/8        EV: 17    Int: 18    God:
Gold:   64         SH:  0    Dex: 15    Spells: 3/8 levels left

rFire   . . .      SeeInvis +    a - +1 dagger
rCold   . . .      Faith    .    (no shield)
rNeg    . . .      Spirit   .    b - +0 robe
rPois   .          Reflect  .    (helmet restricted)
rElec   .          Harm     .    (no cloak)
rCorr   .          Rampage  .    (gloves unavailable)
Will    .....                    (boots unavailable)
Stlth   +++.......               (no amulet)
HPRegen 0.05/turn                n - +6 ring of strength
MPRegen 0.11/turn                (no ring)

@: very quick
A: very small, no large weapons, unfitting armour, see invisible, speed 3
a: no special abilities


You were on level 3 of the Dungeon.
You visited 1 branch of the dungeon, and saw 3 of its levels.

You collected 64 gold pieces.

Inventory:

Hand Weapons
 a - a +1 dagger (weapon)
Armour
 b - a +0 robe (worn)
Jewellery
 n - a +6 ring of strength (left hand)
Scrolls
 g - a scroll of fog {unknown}
 h - a scroll of enchant armour {unknown}
 j - a scroll of identify {unknown}
 k - a scroll of acquirement {unknown}
 l - a scroll of magic mapping {unknown}
 m - 2 scrolls of teleportation {unknown}
Potions
 c - 2 potions of invisibility
 d - 2 potions of lignification {unknown}
 e - a potion of flight {unknown}
 f - 2 potions of curing {unknown}
 i - 3 potions of heal wounds {unknown}


   Skills:
 + Level 0.4 Fighting
 + Level 1.5 Short Blades
 + Level 2.9 Dodging
 + Level 6.0 Stealth
 + Level 3.1 Spellcasting
 + Level 4.0 Hexes
 + Level 0.4 Ice Magic


You had 3 spell levels left.
You knew the following spells:

 Your Spells              Type           Power      Damage    Failure   Level
a - Ensorcelled Hibernat  Hex/Ice        20%        N/A       10%         2
b - Confusing Touch       Hex            17%        N/A       9%          3

Your spell library contained the following spells:

 Spells                   Type           Power      Damage    Failure   Level
 Tukima's Dance           Hex            17%        N/A       9%          3
 Dazzling Flash           Conj/Hex       20%        N/A       22%         3


Dungeon Overview and Level Annotations

Branches:
Dungeon (3/15)

Altars:

Shops:
D:1 =*=

Annotations:
D:3 Natasha


Innate Abilities, Weirdness & Mutations

You are very small and have problems with some larger weapons.
You are too small for most types of armour.
You have supernaturally acute eyesight. (SInv)
You cover ground extremely quickly. (Speed+++)


Message History

What level of the Dungeon? (default 1, ? - help)
You see here 6 stones.
There is a stone staircase leading down here.
You climb downwards.
Found a sling.
There is a stone staircase leading up here.
There are monsters nearby!
There are monsters nearby!
You hit Natasha.
Natasha is lightly wounded.
Natasha closely misses you.
You hit Natasha but do no damage.
Natasha is lightly wounded.
Natasha claws you!
Casting: Ensorcelled Hibernation (safe; 10% risk of failure)
Confirm with . or Enter, or press ? or * to list all spells.
The spell is extremely dangerous to miscast (9% risk of failure)!
Continue anyway? [Y]es or [N]o only, please.
The spell is extremely dangerous to miscast (9% risk of failure)!
Continue anyway?
Your hands begin to glow red.
Natasha closely misses you.
You hit Natasha but do no damage.
Natasha is lightly wounded.
The kobold shouts!
Natasha closely misses you.
You hit Natasha but do no damage.
Natasha appears confused.
Natasha is lightly wounded.
Found a gold piece.
Natasha claws herself.
You hit Natasha.
Natasha is moderately wounded.
You hit Natasha.
Natasha is heavily wounded.
Natasha claws you.
You hit Natasha but do no damage.
Natasha is heavily wounded.
The kobold hits you but does no damage.
You hit Natasha.
Natasha is severely wounded.
Natasha claws you!
Ouch! That really hurt!
You die...

#.# #.#
..# #.#
.)# # #.#
..#.#
##.##
..#.###
$..
.......
#h#
.....#
#@###...#
#.K.<.#
#####...#
#.## .# #


You could see Natasha (confused) and a kobold.

Vanquished Creatures
  A worm (D:2)
  5 dart slugs
  9 endoplasms
  A giant cockroach (D:1)
  4 goblins
  2 hobgoblins (D:2)
  3 jackals (D:2)
  2 kobolds
  5 quokkas
  4 ball pythons
  5 bats
  4 rats
45 creatures vanquished.

Notes
Turn   | Place    | Note
-------+----------+-------------------------------------------
     0 | D:1      | drpainis the Spriggan Enchanter began the quest for the
                  | Orb.
     0 | D:1      | Reached XP level 1. HP: 9/9 MP: 5/5
   107 | D:1      | Found Tairphiu's Jewellery Boutique.
   117 | D:1      | Reached XP level 2. HP: 2/13 MP: 6/6
   148 | D:1      | Upgraded the game from 0.29-a0-1043-g569b05d6ff to
                  | 0.30-a0-4-ga7cffc901d
   178 | D:1      | Learned a level 2 spell: Ensorcelled Hibernation
   184 | D:1      | Reached skill level 5 in Stealth
   619 | D:1      | Found Xeba's Jewellery Emporium.
   902 | D:1      | Found Viqul's Assorted Antiques.
   968 | D:2      | Reached XP level 3. HP: 16/16 MP: 8/8
   972 | D:2      | Learned a level 3 spell: Confusing Touch
  1004 | D:2      | Found a faded altar of an unknown god.
  2206 | D:2      | Reached skill level 6 in Stealth
  2460 | D:3      | Noticed Natasha
  2472 | D:3      | Slain by Natasha

Illustrated notes

Levels and vault maps discovered:
D:1:      mainiacjoe_arrival_reflecting_pool, layout_rooms, serial_shops, shop,
          nicolae_shop_window_shopping, shop, minmay_misc_feat_four_crosses,
          minmay_misc_feat_tower, hangedman_decor_peaks_small
D:2:      layout_basic, chequers_ecumenical_altar_lobes
D:3:      layout_loops_ring, gammafunk_temple_overflow_arena,
          hangedman_decor_lopped, minmay_tree_intersection, roderic_lattice_a,
          uniq_crazy_yiuf_cottage, uniq_terence, uniq_ijyb, uniq_natasha

Skill      XL: |  1  2  3 |
---------------+----------+-----
Stealth        | 5 6 |  6.0
Hexes          | 4 |  4.0
Spellcasting   | 3 |  3.1
Fighting       | |  0.4
Short Blades   | |  1.5
Dodging        | |  2.9
Ice Magic      | |  0.4

Action                   || total
-------------------------++-------
Melee: Dagger            ||   128
 Cast: Ensorcelled Hiber ||    26
       Confusing Touch   ||     1
 Stab: Sleeping          ||    32
Armor: Robe              ||    11
Dodge: Dodged            ||    82

Table legend: (Time is in decaauts)
 A = Elapsed time spent in this place.
 B = Non-inter-level travel time spent in this place.
 C = Inter-level travel time spent in this place.
 D = Time resting spent in this place.
 E = Time spent auto-exploring this place.
 F = Levels seen in this place.
 G = Mean time per level.
                   A        B        C        D        E       F      G
               +--------+--------+--------+--------+--------+-----+--------+
         Total |   1953 |   1933 |     20 |    251 |   1239 |   3 |  651.0 |
       Dungeon |   1953 |   1933 |     20 |    251 |   1239 |   3 |  651.0 |
               +--------+--------+--------+--------+--------+-----+--------+

Top non-repeatable levels by time:
     D:1: 988 daAuts
     D:2: 955 daAuts
     D:3: 10 daAuts
